 Dungeon Crawl Stone Soup version 0.28.0-49-g6dfe1f597d (webtiles) character file.

Game seed: 14797558297239068363

37 Exodus22XD the Skirmisher (level 3, -8/33 HPs)
             Began as a Minotaur Fighter on May 14, 2022.
             Killed from afar by Sigmund (9 damage)
             ... with a puff of flame
             ... on level 2 of the Dungeon.
             The game lasted 00:01:07 (656 turns).

Exodus22XD the Skirmisher (Minotaur Fighter)         Turns: 656, Time: 00:01:08

Health: -8/33      AC: 14    Str: 22    XL:     3   Next: 23%
Magic:  2/2        EV:  6    Int:  5    God:
Gold:   114        SH:  0    Dex:  9    Spells: 2/2 levels left

rFire   . . .      SeeInvis .   a - +0 war axe
rCold   . . .      Faith    .   c - +0 buckler
rNeg    . . .      Spirit   .   i - +0 plate armour
rPois   .          Reflect  .   (helmet restricted)
rElec   .          Harm     .   (no cloak)
rCorr   .          Rampage  .   (no gloves)
Will    .....                   b - +1 pair of boots
Stlth   ..........              (no amulet)
HPRegen 0.11/turn               (no ring)
MPRegen 0.08/turn               (no ring)

@: confused, flying
A: horns 2, retaliatory headbutt
a: no special abilities


You were on level 2 of the Dungeon.
You visited 1 branch of the dungeon, and saw 2 of its levels.

You collected 114 gold pieces.

Inventory:

Hand Weapons
 a - a +0 war axe (weapon)
Armour
 b - a +1 pair of boots (worn)
 c - a +0 buckler (worn)
 i - a +0 plate armour (worn)
Scrolls
 f - a scroll of teleportation {unknown}
 h - a scroll of magic mapping {unknown}
 l - a scroll of enchant armour {unknown}
Potions
 d - a potion of might
 g - a potion of attraction {unknown}
 j - 4 potions of curing {unknown}
 k - a potion of resistance {unknown}


   Skills:
 + Level 4.2 Fighting
 + Level 3.0 Axes
 + Level 4.1 Armour
 + Level 4.1 Shields


You had 2 spell levels left.
You didn't know any spells.
Your spell library was empty.

Dungeon Overview and Level Annotations

Branches:
Dungeon (2/15)

Altars:

Shops:
D:1 !

Annotations:
D:2 Sigmund


Innate Abilities, Weirdness & Mutations

You have a pair of horns on your head.
You reflexively headbutt those who attack you in melee.


Message History

You barely miss Sigmund.
Sigmund is lightly wounded.
You completely miss the endoplasm. You block the endoplasm's attack.
Sigmund screams, "Don't try to resist!"
Sigmund barely misses you. You furiously retaliate!
You headbutt Sigmund. You hit Sigmund. You headbutt Sigmund.
Sigmund is severely wounded.
You barely miss the endoplasm. The endoplasm freezes you.
You are frozen.
Sigmund hits you with a +0 scythe. The endoplasm freezes you.
You are frozen.
You hit Sigmund.
Sigmund is almost dead.
You slash the endoplasm!
You kill the endoplasm!
You block Sigmund's attack.
You closely miss Sigmund.
Sigmund is almost dead.
Sigmund hits you with a +0 scythe.
You closely miss Sigmund.
Sigmund is almost dead.
Sigmund hits you with a +0 scythe!
* * * LOW HITPOINT WARNING * * *
You closely miss Sigmund.
Sigmund is almost dead.
Sigmund gestures at you while chanting.
You are confused.
You closely miss Sigmund.
Sigmund is almost dead.
Sigmund hits you with a +0 scythe.
* * * LOW HITPOINT WARNING * * *
You are too confused!
Unknown command.
It was a potion of flight.
You feel very buoyant.
You fly up into the air.
Sigmund casts a spell at you. The puff of flame hits you!
You die...

#### ########..#
..........##############
#.....@@................
#.#####...##############
#.).# ### #....# #.##
#..#.# #..# ....#.# #...
####.#.# #... #.#.# ###
#... #.# #####.###...


You could see Sigmund.

Vanquished Creatures
  An adder (D:2)
  3 endoplasms (D:2)
  2 giant cockroaches
  2 goblins
  2 hobgoblins
  4 jackals (D:1)
  2 ball pythons
  2 bats (D:1)
  2 frilled lizards
  3 kobolds (D:1)
  5 rats (D:1)
28 creatures vanquished.

Notes
Turn   | Place    | Note
-------+----------+-------------------------------------------
     0 | D:1      | Exodus22XD the Minotaur Fighter began the quest for the
                  | Orb.
     0 | D:1      | Reached XP level 1. HP: 19/19 MP: 0/0
    51 | D:1      | Reached XP level 2. HP: 20/27 MP: 1/1
   135 | D:1      | Found Tadit's Distillery.
   509 | D:2      | Reached XP level 3. HP: 30/33 MP: 2/2
   642 | D:2      | Noticed Sigmund
   655 | D:2      | HP: 1/33 [Sigmund/+0 scythe (5)]
   656 | D:2      | Killed from afar by Sigmund

Illustrated notes

Levels and vault maps discovered:
D:1:      ncdulo_wetmaze, layout_rooms, serial_shops, nicolae_shop_statue_plus,
          hangedman_decor_clover_reticule
D:2:      layout_basic, chequers_ecumenical_altar_simple, uniq_sigmund

Skill      XL: |  1  2  3 |
---------------+----------+-----
Fighting       | 4 |  4.2
Shields        | 4 |  4.1
Armour         | 4 |  4.1
Axes           | 3 |  3.0

Action                   || total
-------------------------++-------
Melee: War axe           ||    53
       Headbutt          ||     5
  Use: Potion            ||     1
Armor: Scale mail        ||    10
       Plate armour      ||    12
Dodge: Dodged            ||    17
Block: Buckler           ||    15
